 Dungeon Crawl Stone Soup version 0.19.4-9-g45fd643 (webtiles) character file.

50 equalderp2856 the Scratcher (level 3, -5/17 HPs)
             Began as a Felid Fighter on Feb 15, 2017.
             Slain by Terence
             ... wielding a +0 hand axe
              (8 damage)
             ... on level 2 of the Dungeon.
             The game lasted 00:04:25 (1476 turns).

equalderp2856 the Scratcher (Felid Fighter)         Turns: 1476, Time: 00:04:26

Health: -5/17      AC:  1    Str: 13    XL:     3   Next: 55%
Magic:  4/4        EV: 19    Int:  9    God:
Gold:   55         SH:  0    Dex: 15    Spells: 0 memorised, 2 levels left
                                        Lives:  0   Deaths: 0

rFire  . . .     SeeInvis +       - Unarmed
rCold  . . .     Gourm    .     (armour unavailable)
rNeg   . . .     Faith    .     (shield unavailable)
rPois  .         Spirit   .     (helmet unavailable)
rElec  .         Reflect  .     (cloak unavailable)
rCorr  .         Harm     .     (gloves unavailable)
MR     .....                    (boots unavailable)
Stlth  ++........               (no amulet)
                                (no ring)
                                (no ring)

@: slowed, slow
A: no armour, no weapons or thrown items, stealth, claws 1, fangs 3, see
invisible, carnivore 3, speed 1, shaggy fur 1, slow metabolism 1, sharp paws
a: no special abilities


You were on level 2 of the Dungeon.
You were completely stuffed.

You visited 1 branch of the dungeon, and saw 2 of its levels.

You collected 55 gold pieces.

Inventory:

Missiles
 k - 19 poisoned needles
Jewellery
 f - an uncursed ring of flight {unknown}
 i - an uncursed ring of see invisible {unknown}
 l - an uncursed ring of protection from cold {unknown}
 o - an uncursed amulet of rage {unknown}
Scrolls
 c - 2 scrolls of recharging {unknown}
 d - a scroll of immolation {unknown}
 e - a scroll of noise {unknown}
 g - 3 scrolls of identify {unknown}
 j - a scroll of blinking {unknown}
 n - a scroll of enchant weapon {unknown}
Potions
 a - a potion of might
 h - a potion of curing {unknown}
Comestibles
 b - 3 meat rations
 m - 2 chunks of flesh


   Skills:
 + Level 3.1 Fighting
 + Level 4.4 Dodging
 + Level 5.0 Unarmed Combat


You had 2 spell levels left.
You didn't know any spells.

Dungeon Overview and Level Annotations

Branches:
Dungeon (2/15)

Altars:

Annotations:
D:2 Ijyb, Natasha, Terence


Innate Abilities, Weirdness & Mutations

You cannot wear armour.
You are incapable of wielding weapons or throwing items.
Your paws allow you to move quietly. (Stealth)
You have sharp claws.
You have razor-sharp teeth.
You have supernaturally acute eyesight. (SInv)
You are carnivorous and can eat meat at any time.
You cover ground quickly.
You are covered in fur. (AC +1)
You have a slow metabolism.
Your sharp claws are effective at attacking unaware monsters.


Message History

There is a large open door here.
Ijyb zaps a wand.
You feel as though you will be slow longer.
Natasha mumbles some strange words.
Ijyb misses you. Natasha casts a spell at you. The magic dart hits you!
Ijyb zaps a wand.
You resist with some effort. Ijyb hits you but does no damage.
Natasha mumbles some strange words.
Terence misses you.
The crimson imp blinks!
Ijyb zaps a wand.
You resist with some effort.
The crimson imp blinks!
Terence closely misses you.
The white imp disappears in a puff of smoke!
There is a stone staircase leading down here.
Terence hits you with a hand axe.
* * * LOW HITPOINT WARNING * * *
Natasha misses you. Terence hits you with a hand axe!
You die...

..
#............####.......... #
###..........................
#...§...#§.5.................
#.......#....................
#...5l..#....................
###'#####...l..##############
#'# #..g...# ..........#
#..h@..# ..........# ####@###
..........# #.# ..........#
#.# ..........# #.#
.[........# #.# ..........#
#.# #.# #.#


You could see Ijyb, Terence, Natasha, a crimson imp and a frilled lizard.

Vanquished Creatures
  An adder (D:2)
  2 dart slugs (D:1)
  2 leopard geckos
  2 giant cockroaches
  3 goblins
  2 hobgoblins (D:1)
  6 kobolds
  2 bats (D:2)
  13 frilled lizards
  4 rats
37 creatures vanquished.

Notes
Turn   | Place    | Note
-------+----------+-------------------------------------------
     0 | D:1      | equalderp2856 the Felid Fighter began the quest for the Orb.
     0 | D:1      | Reached XP level 1. HP: 10/10 MP: 2/2
   384 | D:1      | Reached XP level 2. HP: 14/14 MP: 3/3
  1130 | D:2      | Reached XP level 3. HP: 15/17 MP: 4/4
  1299 | D:2      | Reached skill level 5 in Unarmed Combat
  1439 | D:2      | Noticed Terence
  1445 | D:2      | Noticed Ijyb
  1460 | D:2      | Noticed Natasha
  1476 | D:2      | Slain by Terence

Skill      XL: |  1  2  3 |
---------------+----------+-----
Unarmed Combat | 5 |  5.0
Fighting       | |  3.1
Dodging        | |  4.4

Action                   || total
-------------------------++-------
Melee: Unarmed           ||   103
       Bite              ||     5
 Stab: Sleeping          ||     1
  Eat: Chunk             ||     8
Armor: Skin              ||     4
Dodge: Dodged            ||    94
